 Dungeon Crawl Stone Soup version 0.29.1-2-gbd0b4ee654 (webtiles) character file.

Game seed: 17777660561689612849

816 LustLizard the Magician (level 8, -9/50 HPs)
             Began as a Djinni Fire Elementalist on Oct 28, 2022.
             Was an Initiate of Ashenzari.
             Hit by a large rock thrown by a cyclops (29 damage)
             ... on level 6 of the Dungeon.
             The game lasted 00:15:04 (4788 turns).

LustLizard the Magician (Djinni Fire Elementalist)  Turns: 4788, Time: 00:15:05

Health: -9/50      AC:  7    Str:  7    XL:     8   Next: 16%
Gold:   194        EV: 28    Int: 25    God:    Ashenzari [......] SH:  3 Dex: 14

rFire   + + .      SeeInvis .   c - +0 short sword
rCold   x . .      Faith    .   F - +0 buckler
rNeg    . . .      Spirit   .   u - +0 ring mail
rPois   ∞          Reflect  .   H - +0 helmet
rElec   +          Harm     .   w - +0 cloak
rCorr   .          Rampage  .   (no gloves)
Will    .....                   (boots unavailable)
Stlth   ++........              n - amulet "Tuzel" {Acrobat rElec Regen+ MP+9 Slay-5}
HPRegen 0.96/turn               v - +4 ring of evasion
MPRegen 0.00/turn               f - +6 ring of intelligence

@: acrobatic, flying
A: sickness immunity, fire resistance 2, cold vulnerability 1, float, innate
caster, HP casting, extra vitality 1
a: Renounce Religion, Curse Item


You were on level 6 of the Dungeon.
You worshipped Ashenzari.
Ashenzari was noncommittal.
You visited 2 branches of the dungeon, and saw 7 of its levels.

You collected 194 gold pieces.

Inventory:

Hand Weapons
 c - a +0 short sword (weapon)
Missiles
 e - 4 poisoned darts
Armour
 a - a +1 robe
 u - a +0 ring mail (worn)
 w - a +0 cloak (worn)
 F - a +0 buckler (worn)
 H - a +0 helmet (worn)
Jewellery
 f - a +6 ring of intelligence (right hand)
 h - a +6 ring of strength
 l - a +6 ring of dexterity
 n - the amulet "Tuzel" (around neck) {Acrobat rElec Regen+ MP+9 Slay-5}
   (You acquired it on level 2 of the Dungeon)

   [amulet of the acrobat]

   It increases your evasion while moving and waiting.
   Slay:      It affects your accuracy & damage with ranged weapons and melee
   (-5).
   rElec:     It insulates you from electricity.
   MP:        It affects your magic capacity (+9).
   Regen:     It increases your rate of health regeneration.
 v - a +4 ring of evasion (left hand)
Wands
 y - a wand of polymorph (8)
Scrolls
 j - 2 scrolls of acquirement
 m - a scroll of noise {unknown}
 o - 3 scrolls of enchant armour
 p - 3 scrolls of enchant weapon {unknown}
 q - a scroll of amnesia {unknown}
 s - a scroll of poison {unknown}
 x - a scroll of brand weapon {unknown}
 D - 2 scrolls of teleportation {unknown}
 E - a scroll of immolation {unknown}
Potions
 b - a potion of invisibility {unknown}
 g - a potion of heal wounds {unknown}
 i - 4 potions of curing
 k - a potion of might {unknown}
 r - a potion of magic {unknown}
 t - a potion of haste {unknown}
 z - 2 potions of flight
 A - 2 potions of mutation
 B - 2 potions of berserk rage
 C - a potion of lignification {unknown}
 G - a potion of brilliance {unknown}


   Skills:
 - Level 2.1 Dodging
 - Level 4.0 Stealth
 * Level 5.9 Spellcasting
 + Level 2.3 Evocations


You couldn't memorise any spells.
You knew the following spells:

 Your Spells              Type           Power      Damage    Failure   Level
a - Foxfire               Conj/Fire      100%       2x1d9     3%          1
b - Scorch                Fire           74%        2d9       4%          2
c - Conjure Flame         Conj/Fire      37%        6-21      10%         3
d - Inner Flame           Hex/Fire       37%        N/A       10%         3
e - Flame Wave            Conj/Fire      37%        2d10      30%         4
f - Shock                 Conj/Air       100%       1d9       3%          1
g - Blink                 Tloc           74%        N/A       4%          2
h - Frozen Ramparts       Ice            74%        1d12      10%         3
Your spell library was empty.

Dungeon Overview and Level Annotations

Branches:
Dungeon (6/15)             Temple (1/1) D:5

Altars:
Ashenzari
Cheibriados
Dithmenos
Elyvilon
Fedhas
Hepliaklqana
Nemelex Xobeh
Okawaru
Ru
Trog
Uskayaw
Xom
Zin
The Shining One


Innate Abilities, Weirdness & Mutations

You are immune to sickness and miasma.
You are immune to poison.
Your flesh is very heat resistant. (rF++)
You are vulnerable to cold. (rC-)
You float through the air rather than walking.
You learn spells naturally, not from books.
Your magical power is your life essence.
You have superior vitality. (+4 MHP)


Message History

Nothing appears to happen.
The cyclops throws a large rock.
The large rock closely misses you.
The gnoll sergeant completely misses your butterfly.
Casting: Blink (safe; 4% risk of failure)
Confirm with . or Enter, or press ? or * to list all spells.
You miscast Blink.
Nothing appears to happen.
The gnoll sergeant hits your butterfly with a +0 spear!
Your butterfly dies!
Your butterfly disappears in a burst of colours!
Casting: Blink (safe; 4% risk of failure)
Confirm with . or Enter, or press ? or * to list all spells.
You blink.
The cyclops hits your butterfly!!
Your butterfly dies!
Your butterfly disappears in a burst of colours!
The gnoll sergeant hits you from afar with a +0 spear.
The cyclops throws a large rock.
The large rock hits you!
* * * LOW HITPOINT WARNING * * *
You feel stable enough to blink again. Something hits your butterfly!
Your butterfly dies!
Your butterfly disappears in a burst of colours!
There is an open door here.
You reach down and open the door.
A white imp and a phantom come into view.
The white imp shouts!
The phantom moves out of view.
There is an open door here.
Okay, then.
Casting: Blink (safe; 4% risk of failure)
Confirm with . or Enter, or press ? or * to list all spells.
You blink.
The gnoll sergeant closely misses you.
Your magical contamination has completely faded away.
You reach down and open the door.
A scorpion comes into view.
The gnoll sergeant hits you but does no damage.
You feel stable enough to blink again.
There is an open door here.
The cyclops throws a large rock.
The large rock hits you!!
Ouch! That really hurt!
You die...

#... #... ####
#+# #..## #+#
##....#
##..#####5....#
#..s@##..##..##
#....'.W..# ##
##..##Cg..# ###
##..##
##'######
#...g..#
#####..##
##8..8######
#....b...#..


You could see a cyclops, a phantom, a gnoll sergeant and a scorpion.

Vanquished Creatures
  Menkaure (D:4)
  An ice beast (D:6)
  A black bear (D:6)
  A phantom (D:4)
  A bullfrog (D:6)
  A scorpion (D:6)
  A howler monkey (D:6)
  2 hounds
  An iguana (D:5)
  An orc wizard (D:6)
  3 gnolls (D:5)
  4 adders
  2 shadow imps
  2 ufetubi
  3 worms
  3 dart slugs
  2 orcs
  9 ball pythons
  4 endoplasms (D:1)
  2 giant cockroaches
  5 goblins
  7 hobgoblins
  3 jackals (D:1)
  4 quokkas
  2 bats (D:3)
  A frilled lizard (D:3)
  9 kobolds
  4 rats
80 creatures vanquished.

Vanquished Creatures (others)
  185 foxfires
185 creatures vanquished.

Grand Total: 265 creatures vanquished

Notes
Turn   | Place    | Note
-------+----------+-------------------------------------------
     0 | D:1      | LustLizard the Djinni Fire Elementalist began the quest for
                  | the Orb.
     0 | D:1      | LustLizard set off with the following spells memorised:
                  | Foxfire, Scorch, Conjure Flame, Inner Flame, Flame Wave.
     0 | D:1      | Reached XP level 1. HP: 15/15 MP: 0/0
   112 | D:1      | Reached XP level 2. HP: 13/21 MP: 0/0
  1112 | D:1      | Reached XP level 3. HP: 23/25 MP: 0/0
  1112 | D:1      | Learned a level 1 spell: Shock
  1183 | D:1      | Reached skill level 3 in Spellcasting
  1313 | D:2      | Found a faded altar of an unknown god.
  1317 | D:2      | Identified 3 scrolls of acquirement
  1317 | D:2      | Acquired the amulet "Tuzel" {Acrobat rElec Regen+ MP+9
                  | Slay-5}
  1489 | D:2      | Reached XP level 4. HP: 31/31 MP: 0/0
  1892 | D:3      | Found a bloodstained altar of Trog.
  1936 | D:3      | Found a snail-covered altar of Cheibriados.
  2781 | D:4      | Noticed a phantom
  2795 | D:4      | Killed a phantom
  2796 | D:4      | Reached skill level 4 in Spellcasting
  2796 | D:4      | Reached XP level 5. HP: 31/35 MP: 0/0
  2796 | D:4      | Learned a level 2 spell: Blink
  2807 | D:4      | Found a hazy altar of Hepliaklqana.
  3064 | D:4      | Noticed Menkaure
  3070 | D:4      | Killed Menkaure
  3071 | D:4      | Reached XP level 6. HP: 39/40 MP: 0/0
  3331 | D:5      | Entered Level 5 of the Dungeon
  3381 | D:5      | Found a staircase to the Ecumenical Temple.
  3415 | Temple   | Entered the Ecumenical Temple
  3434 | Temple   | Became a worshipper of Ashenzari the Shackled
  3766 | D:5      | Reached XP level 7. HP: 43/45 MP: 0/0
  3766 | D:5      | Learned a level 3 spell: Frozen Ramparts
  4183 | D:6      | Reached skill level 5 in Spellcasting
  4288 | D:6      | Reached skill level 1 in Evocations
  4313 | D:6      | Found a white marble altar of Elyvilon.
  4334 | D:6      | Reached XP level 8. HP: 50/50 MP: 0/0
  4342 | D:6      | Noticed a cyclops
  4788 | D:6      | Hit by a large rock thrown by a cyclops

Illustrated notes

Levels and vault maps discovered:
D:1:      wander_arrival_estate, layout_basic, kennysheep_nondescript
D:2:      layout_rooms, nicolae_ecumenical_pavilion, minmay_misc_feat_columns
D:3:      layout_basic, lightli_temple_of_fire, kennysheep_slug_shrine,
          minmay_misc_feat_room
D:4:      layout_loops_ring, mainiacjoe_overflow_cross_hatched, uniq_menkaure
D:5:      layout_loops_ring, mainiacjoe_overflow_24_doors,
          minmay_temple_entry_statues
D:6:      minmay_bubble_buster, layout_basic, mainiacjoe_overflow_brackets,
          nicolae_overflow_squiral, grunt_ministairs_15, st_stairs_6,
          minmay_manual_moon
Temple:   nicolae_temple_ecumenical_triangle

Skill      XL: |  1  2  3  4  5  6  7 |
---------------+----------------------+-----
Stealth        | 2 3 4 |  4.0
Spellcasting   | 3 4 5 |  5.9
Evocations     | 2 |  2.3
Dodging        | |  2.1

Action                   |  1- 3 |  4- 6 |  7- 9 || total
-------------------------+-------+-------+-------++-------
Melee: Short sword       |     5 |     4 |    12 ||    21
       Punch             |     1 |       |       ||     1
 Cast: Foxfire           |    49 |    32 |    24 ||   105
       Shock             |     1 |    37 |    20 ||    58
       Scorch            |       |     6 |     7 ||    13
       Blink             |       |       |     3 ||     3
  Use: Scroll            |     1 |     5 |     2 ||     8
Armor: Robe              |     3 |       |       ||     3
       Ring mail         |       |     4 |     9 ||    13
Dodge: Dodged            |     7 |     4 |     8 ||    19
